 Dungeon Crawl Stone Soup version 0.13.0-18-g7b03ea5 (webtiles) character file.

528 Impy the Cudgeler (level 6, -4/97 HPs)
             Began as an Ogre Berserker on Oct 22, 2013.
             Was a Priest of Trog.
             Slain by a worker ant (7 damage)
             ... on Level 4 of the Dungeon.
             The game lasted 00:08:56 (2748 turns).

Impy the Cudgeler (Ogre Berserker)                  Turns: 2748, Time: 00:08:57

HP  -4/97        AC  2     Str 30      XL: 6   Next: 75%
MP   5/5         EV 11     Int 11      God: Trog [***...]
Gold 147         SH  0     Dex  9      Spells:  0 memorised,  5 levels left

Res.Fire  : . . .   See Invis. : .   n - +0,+2 mace (drain)
Res.Cold  : + . .   Warding    : .   b - +0 animal skin
Life Prot.: . . .   Conserve   : .   (shield restricted)
Res.Poison: +       Res.Corr.  : .   (helmet restricted)
Res.Elec. : .       Clarity    : .   (no cloak)
Sust.Abil.: . .     Spirit.Shd : .   (gloves unavailable)
Res.Mut.  : .       Stasis     : .   (boots unavailable)
Res.Rott. : .       Flight     : .   (no amulet)
Saprovore : + . .                    (no ring)
                                     v - +3 ring of intelligence

@: berserking (expiring), drained, very quick, slightly resistant to hostile
enchantments, extremely unstealthy
A: unfitting armour, cold resistance 1, deformed body, fast metabolism 1, poison
resistance, saprovore 1, tough skin 1, Int +2
a: Burn Spellbooks, Berserk, Trog's Hand, Renounce Religion


You were on level 4 of the Dungeon.
You worshipped Trog.
Trog was most pleased with you.
You were not hungry.

You visited 1 branch of the dungeon, and saw 4 of its levels.

You collected 127 gold pieces.

Inventory:

Hand weapons
 a - a +0,+0 mace
 n - a +0,+2 mace of draining (weapon)
Armour
 b - a +0 animal skin (worn)
Comestibles
 c - 2 meat rations
 h - 2 chunks of kobold flesh
 i - 2 chokos
 j - a chunk of rat flesh
 m - 2 bread rations
 s - a snozzcumber
Scrolls
 e - 2 scrolls of magic mapping
 f - 2 scrolls of identify
 k - a scroll of fear {unknown}
 l - a scroll of teleportation {unknown}
 p - a scroll of random uselessness {unknown}
 q - a scroll of noise {unknown}
 t - 2 scrolls of blinking {unknown}
Jewellery
 v - a +3 ring of intelligence (left hand)
Potions
 d - 5 potions of curing
 g - 2 potions of might


   Skills:
 + Level 6.2(5.9) Fighting
 + Level 6.6(6.3) Maces & Flails
 + Level 4.6(4.3) Dodging


You had 5 spell levels left.
You didn't know any spells.

Dungeon Overview and Level Annotations

Branches:
Dungeon (4/27)
 Temple: D:4-7

Altars:
Fedhas
Kikubaaqudgha

Shops:
D:4 %


Innate Abilities, Weirdness & Mutations

You are too large for most types of armour.
You have a fast metabolism.
You can tolerate rotten meat.
You have tough skin (AC +1).
Your mind is acute. (Int +2)
Your flesh is cold resistant.
Armour fits poorly on your strangely shaped body.
Your system is resistant to poisons.


Message History

The worker ant bites you.
* * * LOW HITPOINT WARNING * * *
You hit the worker ant. You drain the worker ant!
The worker ant is lightly wounded.
The orc wields an orcish hand axe.
The orc closely misses you. The orc barely misses you.
The worker ant bites you but does no damage.
The orc closely misses you.
You sock the worker ant! You drain the worker ant!
The worker ant is severely wounded.
The kobold hits you with a short sword.
* * * LOW HITPOINT WARNING * * *
The rat barely misses you.
You barely miss the worker ant.
The worker ant is severely wounded.
The orc hits you but does no damage.
The orc hits you with an orcish hand axe.
* * * LOW HITPOINT WARNING * * *
The worker ant bites you!
You die...

#.# ####.#
.$..#.# .#
.......# #...
......... .....
.......<##.....
........#....
#......)oK.# .
#.....oo@o.# ...
......#aor.#
.K.. ..#
##....##..o...
###.............
#<.............?
##.....∩........
#....#######..
#....###### .
####.........#


You could see a worker ant, 5 orcs, a kobold and a rat.

Vanquished Creatures
  A giant frog (D:3)
  A crimson imp (D:3)
  2 orc wizards
  2 orc priests
  Ijyb (D:2)
  A worker ant (D:3)
  An ogre skeleton (D:4)
  3 adders (D:2)
  A big fish zombie (D:2)
  2 giant geckos
  An ooze (D:3)
  17 orcs
  3 bat zombies (D:2)
  6 giant cockroaches
  8 hobgoblins
  2 quokkas (D:3)
  A ball python (D:3)
  8 bats
  3 giant newts
  9 goblins
  2 jackals (D:3)
  9 kobolds
  A kobold skeleton (D:3)
  5 rats
  A rat zombie (D:2)
91 creatures vanquished.

Vanquished Creatures (others)
  A kraken (D:1)
  A ghoul (D:1)
  A draconian (D:1)
  A troll (D:1)
  2 octopodes (D:1)
  An elf (D:1)
  2 centaurs (D:1)
  A felid (D:1)
  An orc (D:1)
  A kobold (D:1)
  5 tentacles (D:1)
  4 tentacle segments (D:1)
21 creatures vanquished.

Grand Total: 112 creatures vanquished

Notes
Turn   | Place    | Note
--------------------------------------------------------------
     0 | D:1      | Impy, the Ogre Berserker, began the quest for the Orb.
     0 | D:1      | Reached XP level 1. HP: 23/23 MP: 0/0
     2 | D:1      | Noticed a minotaur
     2 | D:1      | Noticed an octopode
     2 | D:1      | Noticed a minotaur
     2 | D:1      | Noticed a draconian
     2 | D:1      | Noticed a felid
     2 | D:1      | Noticed a centaur
     2 | D:1      | Noticed a ghoul
     2 | D:1      | Noticed a centaur
     2 | D:1      | Noticed a kraken
     2 | D:1      | Noticed an octopode
     2 | D:1      | Noticed an elf
     2 | D:1      | Noticed a troll
     2 | D:1      | Noticed a naga
     2 | D:1      | Noticed a draconian
    11 | D:1      | Killed a ghoul
    15 | D:1      | Killed an octopode
    18 | D:1      | Killed an octopode
    23 | D:1      | Killed a troll
    33 | D:1      | Killed an elf
    34 | D:1      | Killed a draconian
    35 | D:1      | Killed a centaur
    35 | D:1      | Killed a felid
    37 | D:1      | Killed a centaur
    37 | D:1      | Killed a kraken
   298 | D:1      | Reached XP level 2. HP: 30/32 MP: 1/1
   628 | D:2      | Noticed Ijyb
   643 | D:2      | Killed Ijyb
   643 | D:2      | Reached XP level 3. HP: 23/39 MP: 2/2
   904 | D:2      | Acquired Trog's second power
  1023 | D:2      | Reached XP level 4. HP: 39/48 MP: 3/3
  1169 | D:2      | Reached skill level 5 in Maces & Flails
  1388 | D:2      | Found an ancient bone altar of Kikubaaqudgha.
  1620 | D:3      | Noticed a giant frog
  1628 | D:3      | Killed a giant frog
  1628 | D:3      | Reached skill level 5 in Fighting
  1628 | D:3      | Reached XP level 5. HP: 43/55 MP: 4/4
  1912 | D:3      | Reached skill level 6 in Maces & Flails
  1912 | D:3      | Reached XP level 6. HP: 11/65 MP: 5/5
  2287 | D:3      | Found a blossoming altar of Fedhas.
  2533 | D:3      | Gained mutation: Your mind is acute. (Int +2) [potion of beneficial mutation]
  2535 | D:3      | Gained mutation: Your flesh is cold resistant. [potion of mutation]
  2535 | D:3      | Gained mutation: Armour fits poorly on your strangely shaped body. [potion of mutation]
  2535 | D:3      | Gained mutation: Your system is resistant to poisons. [potion of mutation]
  2703 | D:4      | Found Kluadghu's Food Shop.
  2748 | D:4      | HP: 3/97 [orc/orcish hand axe (4)]
  2748 | D:4      | Slain by a worker ant

Action                   |  1- 3 |  4- 6 || total
-------------------------+-------+-------++-------
Melee: Mace              |    88 |   194 ||   282
Invok: Berserk           |       |     2 ||     2
  Use: Potion            |       |     6 ||     6
       Scroll            |       |     2 ||     2
